 Dungeon Crawl Stone Soup version 0.20.1-1-g8b1a95d (webtiles) character file.

2288 Inchmeat the Carver (level 9, -5/97 HPs)
             Began as a Barachi Monk on Aug 22, 2017.
             Was a Priest of the Shining One.
             Slain by a queen bee (11 damage)
             ... on level 8 of the Dungeon.
             The game lasted 00:17:08 (7386 turns).

Inchmeat the Carver (Barachi Monk)                  Turns: 7386, Time: 00:17:09

Health: -5/97      AC: 33    Str: 14 (17) XL:     9   Next: 39%
Magic:  10/10      EV:  2    Int:  9 (10) God:    the Shining One [***...]
Gold:   415        SH:  2    Dex: 18 (19) Spells: 8/8 levels left

rFire    . . .     SeeInvis .   s - +1 falchion (protect)
rCold    . . .     Gourm    .   (no shield)
rNeg     + + +     Faith    .   (armour currently unavailable)
rPois    +         Spirit   .   (helmet currently unavailable)
rElec    .         Reflect  +   (cloak currently unavailable)
rCorr    .         Harm     .   (gloves currently unavailable)
MR       .....     NoTele   +   (boots currently unavailable)
Stlth    ++........             m - +2 amulet of reflection
Regen    0.3/turn               b - ring of poison resistance
MPRegen  0.2/turn               k - +2 ring of protection

@: agile, lethally poisoned (-5 -> -12), tree-form, protection aura, can't hop,
starving, hasted, glowing, very quick
A: +LOS, swims
a: Divine Shield, Renounce Religion


You were on level 8 of the Dungeon.
You worshipped the Shining One.
The Shining One was most pleased with you.
You were starving.
You were a tree.
You visited 1 branch of the dungeon, and saw 8 of its levels.

You collected 415 gold pieces.

Inventory:

Hand Weapons
 s - a +1 falchion of protection (weapon)
 y - a +0 hand crossbow
Armour
 e - a +0 pair of gloves (melded)
 o - a +2 cloak (melded)
 t - a +0 pair of boots (melded)
 B - a cursed +0 scale mail (melded)
Jewellery
 b - a ring of poison resistance (left branch)
 k - a +2 ring of protection (right branch)
 m - a +2 amulet of reflection (around neck)
Wands
 f - a wand of digging (13/24)
 p - a wand of acid (3/15)
 C - a wand of disintegration (13/24)
Scrolls
 r - 4 scrolls of remove curse
 u - 2 scrolls of teleportation
 w - a scroll of immolation {unknown}
 z - a scroll of enchant armour {unknown}
 A - a scroll of amnesia {unknown}
Potions
 a - a potion of agility
 d - a potion of flight
 j - a potion of magic
Books
 l - a book of Minor Magic

   Spells                             Type                      Level
   a - Magic Dart                     Conjuration                  1
   b - Blink                          Translocation                2
   c - Call Imp                       Summoning                    2
   d - Slow                           Hexes                        2
   e - Conjure Flame                  Conjuration/Fire             3
   f - Mephitic Cloud                 Conjuration/Poison/Air       3
Comestibles
 c - 10 bread rations
 g - 4 meat rations
 i - 4 royal jellies
 q - 2 fruits


   Skills:
 - Level 4.1 Fighting
 * Level 13.4 Long Blades
 - Level 1.2 Armour
 - Level 4.1 Dodging
 - Level 2.9 Stealth
 * Level 2.1 Invocations


You had 8 spell levels left.
You didn't know any spells.

Dungeon Overview and Level Annotations

Branches:
Dungeon (8/15)             Temple (0/1) D:6
   Lair: D:8-11

Altars:
Dithmenos
Elyvilon
Fedhas
Ru
Sif Muna
Yredelemnul
The Shining One

Shops:
D:6 [


Innate Abilities, Weirdness & Mutations

Shadows flee at your approach. (+LOS)
You can swim through water.
((You cover ground slowly.))
((You can hop short distances.))
((Your movements are slightly less encumbered by armour. (ER -2)))


Message History

The queen bee is almost dead.
The queen bee stings you.
* * * LOW HITPOINT WARNING * * *
You hit the queen bee but do no damage.
The queen bee is almost dead.
You feel sick.
You are starving!
You hit the queen bee but do no damage.
The queen bee is almost dead.
You hit the queen bee.
The queen bee is almost dead.
You feel sick. The queen bee stings you.
* * * LOW HITPOINT WARNING * * *
You hit the queen bee but do no damage.
The queen bee is almost dead.
You hit the queen bee but do no damage.
The queen bee is almost dead.
* * * LOW HITPOINT WARNING * * *
You feel sick. The queen bee stings you!
You die...

y...# ..
##..##
.......>
#...##
#..#....
#.#..# #..#
.## ####†#
...#
####.### .
## #......#
.
####(.....#
.
#......y..#
.
..##...♣..#
. #.
#......# #
.........###
#........#
#........#
#........#
##########


You could see a queen bee.

Vanquished Creatures
  Eustachio (D:4)
  2 ice beasts (D:5)
  2 sky beasts
  An ogre (D:6)
  2 centaurs
  Blork the orc (D:6)
  A bullfrog (D:6)
  7 killer bees (D:8)
  2 scorpions
  3 crimson imps
  A howler monkey (D:5)
  2 bullfrog zombies (D:6)
  A jelly (D:7)
  2 orc priests (D:5)
  6 orc wizards
  Crazy Yiuf (D:5)
  A bullfrog skeleton (D:8)
  A centaur skeleton (D:8)
  4 worker ants
  A hound skeleton (D:7)
  8 gnolls
  13 adders
  2 shadow imps
  3 oozes
  An adder skeleton (D:7)
  An adder zombie (D:6)
  A dart slug (D:1)
  4 leopard geckos
  17 orcs
  A ball python (D:5)
  8 bats
  6 giant cockroaches
  8 hobgoblins
  8 jackals
  3 quokkas
  3 frilled lizards
  9 goblins
  7 kobolds
  2 leopard gecko skeletons
  2 quokka skeletons (D:7)
  8 rats
157 creatures vanquished.

Notes
Turn   | Place    | Note
-------+----------+-------------------------------------------
     0 | D:1      | Inchmeat the Barachi Monk began the quest for the Orb.
     0 | D:1      | Reached XP level 1. HP: 18/18 MP: 1/1
   308 | D:1      | Reached XP level 2. HP: 24/25 MP: 2/2
   768 | D:1      | Reached skill level 4 in Long Blades
   768 | D:1      | Reached XP level 3. HP: 25/30 MP: 3/3
   917 | D:2      | Found a shadowy altar of Dithmenos.
   917 | D:2      | Found a sacrificial altar of Ru.
   918 | D:2      | Found a deep blue altar of Sif Muna.
   918 | D:2      | Found a glowing golden altar of the Shining One.
  1262 | D:2      | Found a white marble altar of Elyvilon.
  1262 | D:2      | Found a basalt altar of Yredelemnul.
  1299 | D:2      | Became a worshipper of the Shining One
  1299 | D:2      | Reached * piety under the Shining One
  1299 | D:2      | Reached ** piety under the Shining One
  1462 | D:2      | Found a blossoming altar of Fedhas.
  1495 | D:2      | Reached XP level 4. HP: 19/37 MP: 0/4
  2137 | D:3      | Reached skill level 1 in Armour
  2217 | D:3      | Reached XP level 5. HP: 42/42 MP: 5/5
  2346 | D:3      | Reached skill level 5 in Long Blades
  3147 | D:4      | Noticed Eustachio
  3186 | D:4      | The Shining One protects you from harm!
  3187 | D:4      | Killed Eustachio
  3187 | D:4      | Reached skill level 7 in Long Blades
  3187 | D:4      | Reached XP level 6. HP: 7/48 MP: 6/6
  3897 | D:5      | Entered Level 5 of the Dungeon
  3969 | D:5      | Reached XP level 7. HP: 54/54 MP: 7/7
  4078 | D:5      | Reached skill level 8 in Long Blades
  4272 | D:5      | Reached skill level 9 in Long Blades
  4778 | D:5      | Found a runed door.
  4889 | D:5      | Reached skill level 10 in Long Blades
  4889 | D:5      | Reached XP level 8. HP: 60/60 MP: 8/8
  5038 | D:5      | Noticed Crazy Yiuf
  5043 | D:5      | Paralysed by Crazy Yiuf for 3 turns
  5059 | D:5      | Killed Crazy Yiuf
  5869 | D:6      | Reached skill level 11 in Long Blades
  5883 | D:6      | Reached *** piety under the Shining One
  5991 | D:6      | Found Rubysecy's Antique Armour Shop.
  6003 | D:6      | Reached skill level 1 in Invocations
  6233 | D:6      | Noticed Blork the orc
  6249 | D:6      | Killed Blork the orc
  6364 | D:6      | Reached skill level 12 in Long Blades
  6365 | D:6      | Found a staircase to the Ecumenical Temple.
  6377 | D:6      | Gained mutation: Your movements are slightly less encumbered by armour. (ER -2) [mutagenic meat]
  6617 | D:7      | Reached XP level 9. HP: 65/65 MP: 10/10
  7298 | D:8      | Noticed a queen bee
  7319 | D:8      | Reached skill level 13 in Long Blades
  7386 | D:8      | Slain by a queen bee

Skill      XL: |  1  2  3  4  5  6  7  8  9 |
---------------+----------------------------+-----
Fighting       | 4 |  4.1
Long Blades    | 4 7 10 12 13 | 13.4
Stealth        | 2 |  2.9
Dodging        | 4 |  4.1
Armour         | 1 |  1.2
Invocations    | 1 2 |  2.1

Action                   |  1- 3 |  4- 6 |  7- 9 || total
-------------------------+-------+-------+-------++-------
Melee: Falchion          |    69 |   194 |   372 ||   635
Throw: Throwing net      |       |       |     1 ||     1
Invok: Divine Shield     |     1 |       |     3 ||     4
 Abil: Hop               |       |     3 |     4 ||     7
  Use: Scroll            |       |     4 |    10 ||    14
       Potion            |       |     4 |     5 ||     9
 Stab: Sleeping          |     5 |       |       ||     5
  Eat: Chunk             |     1 |     7 |     6 ||    14
       Bread ration      |       |     1 |       ||     1
       Meat ration       |       |       |     1 ||     1
Armor: Robe              |     5 |       |       ||     5
       Ring mail         |    10 |    46 |       ||    56
       Scale mail        |       |    45 |   148 ||   193
Dodge: Dodged            |    54 |   153 |   189 ||   396
Block: Other             |     3 |     7 |    34 ||    44
       Rpst.: Falchion   |    20 |    38 |    63 ||   121
